 Dungeon Crawl Stone Soup version 0.21.1-1-g345015fe64 (webtiles) character file.

16 NullDivider the Charlatan (level 2, 0/14 HPs)
             Began as a Spriggan Artificer on May 30, 2018.
             Slain by a jackal (3 damage)
             ... on level 1 of the Dungeon.
             The game lasted 00:01:44 (408 turns).

NullDivider the Charlatan (Spriggan Artificer)       Turns: 408, Time: 00:01:44

Health: 0/14       AC:  2    Str:  8    XL:     2   Next: 37%
Magic:  6/6        EV: 18    Int: 12    God:
Gold:   15         SH:  0    Dex: 16    Spells: 1/1 levels left

rFire    . . .     SeeInvis +   a - +0 short sword
rCold    . . .     Gourm    .   (shield restricted)
rNeg     . . .     Faith    .   b - +0 robe
rPois    .         Spirit   .   (helmet restricted)
rElec    .         Reflect  .   (no cloak)
rCorr    .         Harm     .   (gloves unavailable)
MR       .....                  (boots unavailable)
Stlth    ++........             (no amulet)
HPRegen  0.04/turn              (no ring)
MPRegen  0.10/turn              (no ring)

@: very quick
A: very small, unfitting armour, see invisible, herbivore, speed 3, slow
metabolism 2
a: no special abilities


You were on level 1 of the Dungeon.
You were not hungry.

You visited 1 branch of the dungeon, and saw 1 of its levels.

You collected 15 gold pieces.

Inventory:

Hand Weapons
 a - a +0 short sword (weapon)
Missiles
 i - 15 stones (quivered)
Armour
 b - a +0 robe (worn)
Wands
 c - a wand of flame (12)
 d - a wand of enslavement (15)
 e - a wand of random effects (15)
Scrolls
 g - a scroll of teleportation {unknown}
 h - a scroll of amnesia {unknown}
 j - a scroll of blinking {unknown}
 k - a scroll of identify {unknown}
 m - a scroll of fear {unknown}
Potions
 l - a potion of brilliance {unknown}
Comestibles
 f - 3 rations


   Skills:
 * Level 1.2 Fighting
 * Level 1.7 Short Blades
 + Level 3.2 Dodging
 + Level 2.0 Stealth
 + Level 4.1 Evocations


You had one spell level left.
You didn't know any spells.

Dungeon Overview and Level Annotations

Branches:
Dungeon (1/15)

Altars:


Innate Abilities, Weirdness & Mutations

You are very small and have problems with some larger weapons.
You are too small for most types of armour.
You have supernaturally acute eyesight. (SInv)
You are a herbivore.
You cover ground extremely quickly.
You need consume almost no food.


Message History

Press: ? - help, Shift-Dir - straight line, f - jackal
Aim: a jackal (lightly wounded)
The puff of flame hits the jackal.
You kill the jackal!
Evoke which item? (* to show all) (? for menu, Esc to quit)
Aiming: Throw Flame
Press: ? - help, Shift-Dir - straight line, f - jackal
Aim: a jackal The puff of flame hits the jackal.
The jackal is heavily wounded.
You closely miss the jackal.
The jackal is heavily wounded.
The jackal bites you but does no damage.
The jackal misses you.
Evoke which item? (* to show all) (? for menu, Esc to quit)
Aiming: Throw Flame
Press: ? - help, Shift-Dir - straight line, f/p - jackal
Aim: a jackal (heavily wounded)
The puff of flame misses the jackal.
The jackal bites you.
You die...

###.........###...##.##.#
# ##.......##
##.###.##.#########
#.......# #.#
#............. #
##.......##
##.#####...........
###.........###...#
#.###)......
....†.............# #.
##.####.
...##..........#..## #.
#[# #.
#.....##########...# #.#
##.## #. .####.#
#..†..h@..# #.# #...# #.
# .... #.#####...# #.#
#...###. .###.# ##.## #.#
#....... #. . #.# #.#
##..###. # #.# #.# #..#
#.####.####..###.
#................
###########..#### #..#


You could see a jackal.

Vanquished Creatures
  A dart slug (D:1)
  A bat (D:1)
  A giant cockroach (D:1)
  A hobgoblin (D:1)
  3 jackals (D:1)
  2 kobolds (D:1)
  2 frilled lizards (D:1)
  A rat (D:1)
12 creatures vanquished.

Notes
Turn   | Place    | Note
-------+----------+-------------------------------------------
     0 | D:1      | NullDivider the Spriggan Artificer began the quest for the Orb.
     0 | D:1      | Reached XP level 1. HP: 9/9 MP: 4/4
    78 | D:1      | Reached skill level 1 in Fighting
   282 | D:1      | Reached XP level 2. HP: 12/14 MP: 6/6
   408 | D:1      | Slain by a jackal

Skill      XL: |  1  2 |
---------------+-------+-----
Fighting       | 1 |  1.2
Stealth        | 2 |  2.0
Short Blades   | |  1.7
Dodging        | |  3.2
Evocations     | |  4.1

Action                   || total
-------------------------++-------
Melee: Short sword       ||    46
Evoke: Wand              ||     3
 Stab: Sleeping          ||     6
Armor: Robe              ||     4
Dodge: Dodged            ||    38
